 Dungeon Crawl Stone Soup version 0.26-a0-812-g31a745ddcd (webtiles) character file.

Game seed: 5641809110718895515

594 Dracia the Conjurer (level 7, -3/50 HPs)
             Began as a Purple Draconian Conjurer on Dec 5, 2020.
             Was an Initiate of Vehumet.
             Slain by a gnoll
             ... wielding a +0 spear
              (7 damage)
             ... on level 5 of the Dungeon.
             The game lasted 00:07:51 (5031 turns).

Dracia the Conjurer (Purple Draconian Conjurer)     Turns: 5031, Time: 00:07:51

Health: -3/50      AC:  7    Str:  9    XL:     7   Next: 16%
Magic:  16/16      EV: 12    Int: 26    God:    Vehumet [......]
Gold:   262        SH:  0    Dex:  9    Spells: 8/18 levels left

rFire    . . .     SeeInvis .   u - +4 spear "Rah Tan" {freeze, rC+ Int+5}
rCold    + . .     Faith    .   (no shield)
rNeg     . . .     Spirit   .   (armour unavailable)
rPois    .         Reflect  .   (helmet restricted)
rElec    .         Harm     .   n - +0 cloak
rCorr    .         Rampage  .   (no gloves)
MR       +....                  (no boots)
Stlth    ++........             (no amulet)
HPRegen  0.16/turn              L - ring of flight
MPRegen  0.15/turn              Y - +4 ring of slaying

@: very slightly contaminated
A: breathe power, unfitting armour, cold-blooded, AC +6
a: Breathe Dispelling Energy, Renounce Religion, Evoke Flight


You were on level 5 of the Dungeon.
You worshipped Vehumet.
Vehumet was noncommittal.
You visited 2 branches of the dungeon, and saw 6 of its levels.

You collected 262 gold pieces.


Innate Abilities, Weirdness & Mutations

You can breathe bolts of dispelling energy.
Your rich purple scales are hard. (AC +6)
You cannot fit into any form of body armour.
You are cold-blooded and may be slowed by cold attacks.


   Skills:
 + Level 1.0 Polearms
 - Level 1.7 Dodging
 - Level 1.7 Stealth
 + Level 6.3 Spellcasting
 + Level 6.7 Conjurations


You had 8 spell levels left.
You knew the following spells:

 Your Spells              Type           Power        Failure   Level
d - Dazzling Flash        Conj/Hex       ####..       4%          3
f - Fulminant Prism       Conj/Hex       ####......   17%         4
s - Searing Ray           Conj           #####.       1%          2
z - Magic Dart            Conj           ####         1%          1

Your spell library contained the following spells:

 Spells                   Type           Power        Failure   Level
 Iskenderun's Mystic Bla  Conj/Tloc      ####....     17%         4

Inventory:

Hand Weapons
 b - a +0 hand axe
 t - a +1 short sword of venom
 u - the +4 spear "Rah Tan" (weapon) {freeze, rC+ Int+5}
   (You found it on level 4 of the Dungeon)

   It has been specially enchanted to freeze those struck by it, causing extra
   injury to most foes and up to half again as much damage against particularly
   susceptible opponents.
   It can also slow down cold-blooded creatures.
   It affects your intelligence (+5).
   It protects you from cold.
Missiles
 h - 60 poisoned darts (quivered)
Armour
 n - a +0 cloak (worn)
Jewellery
 C - an uncursed ring of ice
 L - a ring of flight (left hand)
 Y - a +4 ring of slaying (right hand)
Wands
 j - a wand of enslavement (13)
 m - a wand of digging (7)
Scrolls
 a - 2 scrolls of enchant weapon {unknown}
 c - 3 scrolls of fear {unknown}
 d - 5 scrolls of teleportation {unknown}
 f - 3 scrolls of remove curse {@r2@r2}
 i - 8 scrolls of identify {@r1@r1}
 q - a scroll of fog {unknown}
Potions
 e - a potion of berserk rage {unknown}
 g - 5 potions of curing {unknown}
 k - a potion of might {unknown}
 l - 5 potions of heal wounds {unknown}
 o - a potion of attraction {unknown}
 p - a potion of degeneration {unknown}
 s - a potion of lignification {unknown}

Dungeon Overview and Level Annotations

Branches:
Dungeon (5/15)             Temple (1/1) D:4

Altars:
Ashenzari
Cheibriados
Dithmenos
Fedhas
Gozag
Kikubaaqudgha
Makhleb
Okawaru
Qazlal
Ru
Sif Muna
Trog
Uskayaw
Vehumet
Wu Jian
Xom
Yredelemnul
Zin
The Shining One

≈≈ #..#≈P≈≈P≈P≈≈≈≈≈≈≈≈≈≈≈P♣≈P≈P≈.
≈≈≈#...#♣ ♣≈ ≈≈P≈≈ ≈≈≈≈P≈≈PP≈♣♣..
≈≈PP)#..♣ ≈P♣PP≈≈ ≈P≈≈≈♣≈♣P♣#.#.
≈≈≈≈≈.)####♣♣≈≈≈♣≈♣≈≈≈≈♣♣ ♣.....
≈≈P≈♣.......###P♣♣≈♣P≈≈≈#.##.#.#.
P≈≈≈♣######....(.......O..##.....
≈≈≈≈♣#####...##g###.########>#.##
≈≈≈≈♣.............g.# ..........
≈≈≈ ♣.####...#..@######.####.#.##
##.#.....##..... <....##
#.#..........<......###
#.#.....##.##.#####....
#......###.##.# #####
#####.####.##.# # #.#
...#.#########
#.###.#(#..........
#.#...#...#########


You could see 2 gnolls.


Message History

You hit the ogre. You freeze the ogre.
You kill the ogre!
Vehumet accepts your kill.
Your life force feels restored.
Your Polearms skill increases to level 1!
You have reached level 7!
Your scales start taking on a rich purple colour.
You learn Spellcasting much quicker.
Your Spellcasting skill increases to level 6!
You learn Hexes much quicker.
You learn Evocations quicker.
You can breathe bolts of dispelling energy.
Okay, then.
It was a potion of invisibility.
You fade into invisibility!
The gnoll barely misses you.
You are very lightly contaminated with residual magic.
You hit the gnoll. You freeze the gnoll.
The gnoll is lightly wounded.
The gnoll barely misses you.
You completely miss the gnoll.
The gnoll is lightly wounded.
The gnoll hits you.
* * * LOW HITPOINT WARNING * * *
Unknown command.
You see here 24 sling bullets.
An ogre comes into view. It is wielding a +0 giant club.
You flicker for a moment.
You flicker back into view.
The gnoll hits you from afar with a +0 spear!
You die...

Skill      XL: |  1  2  3  4  5  6 |
---------------+-------------------+-----
Spellcasting   | 3 4 6 |  6.3
Conjurations   | 5 6 |  6.7
Polearms       | 1 |  1.0
Dodging        | |  1.7
Stealth        | |  1.7

Action                   |  1- 3 |  4- 6 |  7- 9 || total
-------------------------+-------+-------+-------++-------
Melee: Hand axe          |   121 |    86 |       ||   207
       Tailslap          |     4 |     7 |       ||    11
       Short sword       |       |    41 |       ||    41
       Spear             |       |    40 |     2 ||    42
 Cast: Magic Dart        |    18 |     8 |       ||    26
       Searing Ray       |     3 |     5 |       ||     8
       Dazzling Flash    |       |     1 |       ||     1
  Use: Scroll            |       |     5 |       ||     5
       Potion            |       |       |     1 ||     1
 Stab: Sleeping          |     4 |     4 |       ||     8
       Invisible         |       |     2 |       ||     2
Armor: Skin              |    58 |    49 |       ||   107
Dodge: Dodged            |   111 |   109 |     2 ||   222

Levels and vault maps discovered:
D:1:      sevenhm_arrival_forest_fort_small_6, layout_loops_corners
D:2:      layout_loops_ring, grunt_temple_overflow_growth_and_decay,
          dancing_weapons_uskayaw, lemuel_doored_altar, ashenzari_altar_1,
          minmay_misc_feat_chi, minmay_joined_circles
D:3:      layout_rooms
D:4:      layout_loops_ring, gammafunk_temple_overflow_wave,
          yredelemnul_altar_generic, marbit_many_paths,
          minmay_temple_entry_statues_pillars, tso_metal_star,
          uniq_crazy_yiuf_cottage
D:5:      layout_loops_ring, serial_bayou, serial_bayou_shore_b,
          serial_bayou_lake_a, serial_bayou_crossing, serial_bayou_ford_a,
          serial_bayou_pond_e, serial_bayou_pond_a
Temple:   jpeg_temple_island

Notes
Turn   | Place    | Note
-------+----------+-------------------------------------------
     0 | D:1      | Dracia the Draconian Conjurer began the quest for the Orb.
     0 | D:1      | Reached XP level 1. HP: 14/14 MP: 3/3
   418 | D:1      | Reached XP level 2. HP: 20/20 MP: 5/5
   892 | D:1      | Learned a level 2 spell: Searing Ray
  1508 | D:2      | Reached XP level 3. HP: 26/26 MP: 0/7
  1723 | D:2      | Reached skill level 3 in Spellcasting
  2026 | D:2      | Found a hide-covered altar of Uskayaw.
  2026 | D:2      | Noticed a +0 dagger
  2027 | D:2      | Noticed a +0 dagger
  2120 | D:2      | Found a broken altar of Ashenzari.
  2135 | D:2      | Learned a level 3 spell: Dazzling Flash
  2158 | D:2      | Found an ornate altar of the Wu Jian Council.
  2289 | D:2      | Reached XP level 4. HP: 33/33 MP: 5/8
  2381 | D:2      | Reached skill level 5 in Conjurations
  2468 | D:2      | Found a blossoming altar of Fedhas.
  2470 | D:2      | Found an ancient bone altar of Kikubaaqudgha.
  3249 | D:4      | Learned a level 4 spell: Fulminant Prism
  3289 | D:4      | Found a staircase to the Ecumenical Temple.
  3329 | D:4      | Found a glowing golden altar of the Shining One.
  3332 | D:4      | Found a basalt altar of Yredelemnul.
  3343 | D:4      | Reached XP level 5. HP: 25/38 MP: 10/10
  3509 | Temple   | Entered the Ecumenical Temple
  3569 | Temple   | Became a worshipper of Vehumet
  3777 | D:4      | Found a snail-covered altar of Cheibriados.
  3777 | D:4      | Found a glowing silver altar of Zin.
  3916 | D:4      | Reached skill level 4 in Spellcasting
  3947 | D:4      | Got a crude spear
  3961 | D:4      | Identified the +4 spear "Rah Tan" {freeze, rC+ Int+5} (You
                  | found it on level 4 of the Dungeon)
  4018 | D:4      | Reached XP level 6. HP: 37/45 MP: 8/12
  4102 | D:4      | Reached skill level 6 in Conjurations
  4412 | D:4      | Found a burning altar of Makhleb.
  4555 | D:4      | Found a runed translucent door.
  4556 | D:4      | Noticed Crazy Yiuf
  4622 | D:4      | Killed Crazy Yiuf
  4740 | D:5      | Entered Level 5 of the Dungeon
  4780 | D:5      | Reached skill level 5 in Spellcasting
  5011 | D:5      | HP: 1/45 [ogre/+0 giant club (10)]
  5012 | D:5      | Reached skill level 1 in Polearms
  5012 | D:5      | Your scales start taking on a rich purple colour.
  5012 | D:5      | Reached skill level 6 in Spellcasting
  5012 | D:5      | Reached XP level 7. HP: 2/50 MP: 13/16
  5020 | D:5      | HP: 2/50 [gnoll (1)]
  5031 | D:5      | Slain by a gnoll

Vanquished Creatures
  2 ogres
  A scorpion (D:4)
  A hound (D:4)
  Crazy Yiuf (D:4)
  An orc priest (D:4)
  2 orc wizards (D:4)
  2 worker ants (D:5)
  A worker ant zombie (D:2)
  A gnoll (D:4)
  3 adders
  A shadow imp (D:5)
  An ufetubus (D:5)
  An ooze (D:4)
  An adder skeleton (D:5)
  3 worms
  A dart slug (D:2)
  4 leopard geckos
  11 orcs
  6 giant cockroaches
  11 goblins
  5 hobgoblins
  11 kobolds
  2 quokkas
  4 ball pythons
  9 bats
  7 frilled lizards
  A jackal skeleton (D:5)
  A quokka zombie (D:4)
  8 rats
103 creatures vanquished.

Vanquished Creatures (others)
  3 plants (D:5)
3 creatures vanquished.

Grand Total: 106 creatures vanquished

Table legend: (Time is in decaauts)
 A = Elapsed time spent in this place.
 B = Non-inter-level travel time spent in this place.
 C = Inter-level travel time spent in this place.
 D = Time resting spent in this place.
 E = Time spent auto-exploring this place.
 F = Levels seen in this place.
 G = Mean time per level.
                   A        B        C        D        E       F      G
               +--------+--------+--------+--------+--------+-----+--------+
         Total |   5101 |   4955 |    146 |    513 |   3563 |   6 |  850.2 |
       Dungeon |   5011 |   4865 |    146 |    513 |   3519 |   5 | 1002.2 |
        Temple |     89 |     89 |      0 |      0 |     44 |   1 |   89.0 |
               +--------+--------+--------+--------+--------+-----+--------+

Top non-repeatable levels by time:
     D:1: 1491 daAuts
     D:4: 1433 daAuts
     D:2: 1197 daAuts
     D:3: 593 daAuts
     D:5: 297 daAuts
  Temple: 89 daAuts

Table legend:
 A = Non-vault XP
 B = Vault XP
 C = Vault XP percentage of total XP
 D = Non-vault monster count
 E = Vault monster count
 F = Vault count percentage of total count
                 A         B        C        D         E       F
            +---------+---------+-------+---------+---------+-------
      Total |     766 |      83 |   9.8 |      86 |      17 |  16.5
            +---------+---------+-------+---------+---------+-------
        D:1 |      32 |       0 |   0.0 |      23 |       0 |   0.0
        D:2 |      57 |      43 |  43.0 |      17 |      16 |  48.5
        D:3 |      29 |       0 |   0.0 |      14 |       0 |   0.0
        D:4 |     437 |      40 |   8.4 |      24 |       1 |   4.0
        D:5 |     211 |       0 |   0.0 |       8 |       0 |   0.0
            +---------+---------+-------+---------+---------+-------
